 Dungeon Crawl Stone Soup version 0.30-a0-313-gae38170b09 (webtiles) character file.

Game seed: 16305118953705033099

4358 billz999 the Skirmisher (level 10, 0/79 HPs)
             Began as a Gnoll Hunter on Oct 27, 2022.
             Was a Priest of Kikubaaqudgha.
             Slain by an orc
             ... wielding a +0 hand axe
              (1 damage)
             ... while petrified by a basilisk
             ... on level 9 of the Dungeon.
             The game lasted 00:21:35 (9575 turns).

billz999 the Skirmisher (Gnoll Hunter)              Turns: 9575, Time: 00:21:36

Health: 0/79       AC:  6    Str: 20    XL:     10   Next: 34%
Magic:  12/18      EV:  2    Int:  9    God:    Kikubaaqudgha [***...]
Gold:   367        SH:  0    Dex: 24    Spells: 17/19 levels left

rFire   + + .      SeeInvis +    b - +0 dagger (venom)
rCold   . . .      Faith    .    (no shield)
rNeg    + + +      Spirit   .    v - +1 robe of Dishonour {Rampage *Corrode rF++ Str+4}
rPois   ∞          Reflect  .    y - +0 helmet "Cyozxasa" {Dex+4}
rElec   .          Harm     .    d - +1 cloak
rCorr   .          Rampage  +    (no gloves)
Will    .....                    (no boots)
Stlth   ++++......               (no amulet)
HPRegen 0.33/turn                o - +6 ring of strength
MPRegen 0.16/turn                F - ring of see invisible

@: petrified
A: fangs 1, strong nose, distributed training
a: Renounce Religion, Unearth Wretches


You were on level 9 of the Dungeon.
You worshipped Kikubaaqudgha.
Kikubaaqudgha was most pleased with you.
You visited 1 branch of the dungeon, and saw 9 of its levels.
You also visited: Sewer.

You collected 367 gold pieces.

Inventory:

Hand Weapons
 a - a +3 arbalest
 b - a +0 dagger of venom (weapon)
 B - a +0 vampiric short sword
 G - a +2 dagger of holy wrath
 H - a +0 shortbow
Missiles
 C - 15 poisoned darts
Armour
 c - a +0 leather armour
 d - a +1 cloak (worn)
 k - a +0 scale mail
 m - a +0 tower shield
 v - the +1 robe of Dishonour (worn) {Rampage *Corrode rF++ Str+4}
   (You found it on level 7 of the Dungeon)

   Str:       It affects your strength (+4).
   rF:        It greatly protects you from fire.
   *Corrode:  It may corrode you when you take damage.
   Rampage:   It bestows one free step when moving towards enemies.
 y - the +0 helmet "Cyozxasa" (worn) {Dex+4}
   (You found it in a sewer)

   Dex:       It affects your dexterity (+4).
Jewellery
 o - a +6 ring of strength (left hand)
 D - a ring of resist corrosion
 F - a ring of see invisible (right hand)
Wands
 I - a wand of digging (4)
Scrolls
 f - 2 scrolls of enchant armour
 g - a scroll of immolation
 n - a scroll of summoning
 p - 2 scrolls of teleportation
 t - 2 scrolls of magic mapping
 z - a scroll of fog
 A - a scroll of torment
 J - 2 scrolls of identify
Potions
 e - 2 potions of might
 h - a potion of ambrosia
 i - 3 potions of brilliance
 j - a potion of magic
 q - 4 potions of heal wounds
 r - a potion of cancellation
 s - 2 potions of resistance {unknown}
 u - 2 potions of lignification {unknown}
 w - a potion of haste {unknown}
 x - 4 potions of curing
 E - 2 potions of attraction {unknown}
 K - a potion of mutation {unknown}


   Skills:
 + Level 7.1 Fighting
 + Level 5.4 Short Blades
 + Level 5.4 Long Blades
 + Level 5.4 Axes
 + Level 5.4 Maces & Flails
 + Level 5.4 Polearms
 + Level 5.4 Staves
 + Level 10.1 Ranged Weapons
 + Level 5.4 Throwing
 + Level 5.4 Armour
 + Level 7.1 Dodging
 + Level 5.9 Stealth
 + Level 5.4 Shields
 + Level 5.4 Unarmed Combat
 + Level 5.4 Spellcasting
 + Level 4.4 Conjurations
 + Level 4.4 Hexes
 + Level 4.4 Summonings
 + Level 4.4 Necromancy
 + Level 4.4 Translocations
 + Level 4.4 Transmutations
 + Level 4.4 Fire Magic
 + Level 4.4 Ice Magic
 + Level 4.4 Air Magic
 + Level 4.4 Earth Magic
 + Level 4.4 Poison Magic
 + Level 5.9 Invocations
 + Level 5.4 Evocations


You had 17 spell levels left.
You knew the following spells:

 Your Spells              Type           Power      Damage    Failure   Level
a - Poisonous Vapours     Pois/Air       20%        N/A       6%          2

Your spell library contained the following spells:

 Spells                   Type           Power      Damage    Failure   Level
 Kiss of Death            Conj/Necr      40%        2d8       3%          1
 Necrotise                Necr           40%        1d6       3%          1
 Shock                    Conj/Air       40%        1d5       3%          1
 Sting                    Tmut/Pois      40%        1d5       3%          1
 Call Canine Familiar     Summ           10%        N/A       12%         3
 Portal Projectile        Hex/Tloc       20%        N/A       12%         3
 Stone Arrow              Conj/Erth      20%        3d8       12%         3
 Swiftness                Air            10%        N/A       12%         3
 Tukima's Dance           Hex            10%        N/A       12%         3
 Vampiric Draining        Necr           10%        2d6       12%         3
 Airstrike                Air            5%         2d(1-17)  36%         4
 Anguish                  Hex/Necr       5%         N/A       36%         4
 Animate Armour           Summ/Erth      20%        N/A       36%         4
 Animate Dead             Necr           10%        N/A       36%         4
 Dispel Undead            Necr           10%        3d9       36%         4
 Leda's Liquefaction      Hex/Erth       5%         N/A       36%         4
 Olgreb's Toxic Radiance  Pois           10%        N/A       36%         4
 Agony                    Necr           10%        N/A       71%         5
 Blade Hands              Tmut           5%         N/A       71%         5
 Borgnjor's Vile Clutch   Necr/Erth      5%         N/A       71%         5
 Lee's Rapid Deconstruct  Erth           5%         3d6*      71%         5
 Death Channel            Necr           5%         N/A       99%         6
 Iron Shot                Conj/Erth      5%         9d2       99%         6
 Statue Form              Tmut/Erth      6%         N/A       99%         6
 Lehudib's Crystal Spear  Conj/Erth      5%         10d3      100%        8


Dungeon Overview and Level Annotations

Branches:
Dungeon (9/15)             Temple (0/1) D:4             Orc (0/2) D:9
  Sewer (visited)
   Lair: D:8-11

Altars:
Ashenzari
Gozag
Hepliaklqana
Kikubaaqudgha
Uskayaw

Shops:
D:3 [   D:8 [

Annotations:
D:9 3 runed translucent doors, MrSquiggles's ghost, journeyman OpBr; koil's ghost, journeyman SpBr


Innate Abilities, Weirdness & Mutations

You have very sharp teeth.
Your uncanny sense of smell can sniff out nearby items.
Your experience applies equally to all skills.


Message History

The orc hits you with a +0 short sword. x2; The orc hits you with a +0 mace.
The orc hits you with a +0 flail. The orc hits you with a +0 hand axe.
The orc hits you but does no damage.
The orc priest miscasts a cantrip.
The orc hits you but does no damage. The orc hits you with a +0 short sword.
The orc hits you with a +0 mace. The orc hits you with a +0 flail.
The orc hits you but does no damage.
The orc warrior hits you with a +0 flail of protection.
* * * LOW HITPOINT WARNING * * *
The orc hits you with a +0 short sword.
The orc hits you but does no damage. x2; The orc hits you with a +0 mace.
* * * LOW HITPOINT WARNING * * *
The orc hits you with a +0 flail.
* * * LOW HITPOINT WARNING * * *
The orc hits you with a +0 hand axe.
* * * LOW HITPOINT WARNING * * *
The orc warrior hits you with a +0 flail of protection!
* * * LOW HITPOINT WARNING * * *
The orc hits you with a +0 short sword.
The orc warrior unwields a +0 arbalest.
The orc warrior wields a +0 mace.
The orc warrior hits you with a +0 mace.
* * * LOW HITPOINT WARNING * * *
The orc hits you but does no damage. The orc hits you with a +0 short sword.
* * * LOW HITPOINT WARNING * * *
The orc hits you with a +0 mace.
* * * LOW HITPOINT WARNING * * *
The orc hits you with a +0 flail.
* * * LOW HITPOINT WARNING * * *
The orc hits you but does no damage.
The orc warrior hits you with a +0 flail of protection.
* * * LOW HITPOINT WARNING * * *
The orc hits you with a +0 short sword.
The orc warrior hits you with a +0 mace!
* * * LOW HITPOINT WARNING * * *
The orc hits you with a +0 short sword. x2; The orc barely misses you.
The orc hits you with a +0 flail.
* * * LOW HITPOINT WARNING * * *
The orc hits you with a +0 hand axe.
You die...
Kikubaaqudgha rasps: "You have failed me!
Welcome... oblivion!"

##.#. ..... ≈≈≈
≈≈ ≈≈≈ ≈≈≈
###############
......o.....≈o#
......oo....###
...8.oooo....>#
o....oo@o...#
.....oooo...≈o#
###############
∆ ∆


You could see 2 orc warriors, 3 orc priests and 12 orcs.

Vanquished Creatures
  An ogre mage (D:8)
  A boulder beetle (D:8)
  Prince Ribbit (D:6)
  A vampire (D:9)
  A vampire mosquito (D:8)
  A sky beast (D:7)
  3 orc warriors
  Duvessa (D:5)
  A sky beast (shapeshifter) (D:8)
  3 ogres
  4 centaurs
  A kobold brigand (D:7)
  6 bullfrogs
  A scorpion (D:4)
  Blork the orc (D:4)
  2 necrophages
  Dowan (D:5)
  An electric eel (D:9)
  A howler monkey (D:6)
  A jelly (D:5)
  2 orc priests (D:8)
  4 orc wizards
  Natasha (thrice) (D:2)
  6 iguanas
  Robin (D:4)
  4 gnolls
  8 adders
  2 river rats (D:3)
  A shadow imp (D:7)
  2 white imps
  An ufetubus (D:5)
  12 dart slugs
  29 orcs
  7 endoplasms
  8 giant cockroaches
  11 goblins
  12 hobgoblins
  3 jackals (D:1)
  3 quokkas (Sewer)
  10 ball pythons
  4 bats
  8 frilled lizards
  15 kobolds
  8 rats
197 creatures vanquished.

Vanquished Creatures (others)
  2 fungi (D:9)
  10 plants (D:9)
  3 withered plants (D:3)
15 creatures vanquished.

Grand Total: 212 creatures vanquished

Notes
Turn   | Place    | Note
-------+----------+-------------------------------------------
     0 | D:1      | billz999 the Gnoll Hunter began the quest for the Orb.
     0 | D:1      | Reached XP level 1. HP: 20/20 MP: 1/1
   140 | D:1      | Reached XP level 2. HP: 26/26 MP: 2/2
   818 | D:2      | Reached XP level 3. HP: 31/31 MP: 2/4
   883 | D:2      | Reached skill level 1 in Invocations
   981 | D:2      | Reached skill level 1 in Short Blades
   981 | D:2      | Reached skill level 1 in Long Blades
   981 | D:2      | Reached skill level 1 in Axes
   981 | D:2      | Reached skill level 1 in Maces & Flails
   981 | D:2      | Reached skill level 1 in Polearms
   981 | D:2      | Reached skill level 1 in Staves
   981 | D:2      | Reached skill level 1 in Throwing
   981 | D:2      | Reached skill level 1 in Armour
   981 | D:2      | Reached skill level 1 in Shields
   981 | D:2      | Reached skill level 1 in Unarmed Combat
   981 | D:2      | Reached skill level 1 in Spellcasting
   981 | D:2      | Reached skill level 1 in Evocations
  1169 | D:2      | Noticed Natasha
  1175 | D:2      | Killed Natasha
  1176 | D:2      | Reached XP level 4. HP: 38/38 MP: 5/5
  1178 | D:2      | Reached skill level 1 in Conjurations
  1178 | D:2      | Reached skill level 1 in Hexes
  1178 | D:2      | Reached skill level 1 in Summonings
  1178 | D:2      | Reached skill level 1 in Necromancy
  1178 | D:2      | Reached skill level 1 in Translocations
  1178 | D:2      | Reached skill level 1 in Transmutations
  1178 | D:2      | Reached skill level 1 in Fire Magic
  1178 | D:2      | Reached skill level 1 in Ice Magic
  1178 | D:2      | Reached skill level 1 in Air Magic
  1178 | D:2      | Reached skill level 1 in Earth Magic
  1178 | D:2      | Reached skill level 1 in Poison Magic
  1345 | D:2      | Noticed Natasha
  1365 | D:2      | Killed Natasha
  1768 | D:2      | Noticed Natasha
  1979 | D:2      | Killed Natasha
  1980 | D:2      | Reached XP level 5. HP: 39/43 MP: 5/7
  2235 | D:3      | Found an ancient bone altar of Kikubaaqudgha.
  2243 | D:3      | Became a worshipper of Kikubaaqudgha
  2365 | D:3      | Found Faejai's Antique Armour Shoppe.
  2383 | D:3      | Found a glowing drain.
  2409 | Sewer    | Entered a sewer
  2540 | Sewer    | Reached * piety under Kikubaaqudgha
  2540 | Sewer    | Received a gift from Kikubaaqudgha
  2827 | Sewer    | Reached skill level 5 in Fighting
  2827 | Sewer    | Reached skill level 5 in Dodging
  2827 | Sewer    | Reached XP level 6. HP: 18/51 MP: 7/9
  2830 | Sewer    | Identified the +0 helmet "Cyozxasa" {Dex+4}
  3322 | D:4      | Noticed Robin
  3386 | D:4      | Found a staircase to the Ecumenical Temple.
  3718 | D:4      | Killed Robin
  3780 | D:4      | Reached XP level 7. HP: 34/56 MP: 10/10
  3855 | D:4      | Noticed Blork the orc
  3878 | D:4      | Killed Blork the orc
  4422 | D:5      | Entered Level 5 of the Dungeon
  4465 | D:5      | Found an opulent altar of Gozag.
  4534 | D:5      | Reached ** piety under Kikubaaqudgha
  4634 | D:5      | Found a broken altar of Ashenzari.
  4769 | D:5      | Reached skill level 9 in Ranged Weapons
  5406 | D:5      | Noticed Dowan
  5408 | D:5      | Noticed Duvessa
  5425 | D:5      | Killed Dowan
  5427 | D:5      | Killed Duvessa
  5428 | D:5      | Reached XP level 8. HP: 25/63 MP: 12/12
  5842 | D:6      | Noticed Prince Ribbit
  5858 | D:6      | Killed Prince Ribbit
  6607 | D:6      | Reached *** piety under Kikubaaqudgha
  6607 | D:6      | Received a gift from Kikubaaqudgha
  7249 | D:7      | Identified the +1 robe of Dishonour {Rampage *Corrode rF++
                  | Str+4}
  7387 | D:7      | Reached XP level 9. HP: 69/69 MP: 14/14
  8254 | D:7      | Reached skill level 5 in Stealth
  8619 | D:8      | Found Riedod's Antique Armour Emporium.
  8639 | D:8      | Reached skill level 5 in Invocations
  8642 | D:8      | Found a hide-covered altar of Uskayaw.
  8679 | D:8      | Learned a level 2 spell: Poisonous Vapours
  8836 | D:8      | Noticed a boulder beetle
  8841 | D:8      | Noticed a black mamba
  8861 | D:8      | Killed a boulder beetle
  8862 | D:8      | Reached skill level 5 in Short Blades
  8862 | D:8      | Reached skill level 5 in Long Blades
  8862 | D:8      | Reached skill level 5 in Axes
  8862 | D:8      | Reached skill level 5 in Maces & Flails
  8862 | D:8      | Reached skill level 5 in Polearms
  8862 | D:8      | Reached skill level 5 in Staves
  8862 | D:8      | Reached skill level 5 in Throwing
  8862 | D:8      | Reached skill level 5 in Armour
  8862 | D:8      | Reached skill level 5 in Shields
  8862 | D:8      | Reached skill level 5 in Unarmed Combat
  8862 | D:8      | Reached skill level 5 in Spellcasting
  8862 | D:8      | Reached skill level 5 in Evocations
  8862 | D:8      | Reached XP level 10. HP: 47/77 MP: 5/17
  8867 | D:8      | Reached skill level 10 in Ranged Weapons
  9006 | D:8      | Noticed a brown ugly thing
  9119 | D:8      | Noticed an ogre mage
  9127 | D:8      | Killed an ogre mage
  9220 | D:8      | Noticed a death knight
  9287 | D:9      | Found a runed translucent gate.
  9287 | D:9      | Found a runed translucent gate.
  9293 | D:9      | Found a runed translucent gate.
  9295 | D:9      | Noticed koil's ghost (journeyman SpBr)
  9295 | D:9      | Noticed MrSquiggles's ghost (journeyman OpBr)
  9537 | D:9      | Found a hazy altar of Hepliaklqana.
  9566 | D:9      | Noticed a death yak
  9568 | D:9      | Found a staircase to the Orcish Mines.
  9575 | D:9      | HP: 2/79 [orc warrior/+0 mace (4)]
  9575 | D:9      | Slain by an orc

Illustrated notes

Levels and vault maps discovered:
D:1:      wander_arrival_abandoned_jail, layout_basic, minmay_tetromino_o4
D:2:      layout_rooms, uniq_natasha
D:3:      layout_rooms, kiku_gazebo_garden_becter, portal_sewer_entry_b,
          serial_shops, shop, chequers_serial_rivers_micro_e, minivault_19
D:4:      layout_basic, minmay_temple_entry_arrows,
          chequers_hall_statues_corner_a, uniq_robin, uniq_blork_the_orc
D:5:      kennysheep_slugbush, layout_gridville, evilmike_ruin_ashenzari,
          grunt_gozag_statues, kennysheep_generic_room_12, uniq_duvessa
D:6:      hellmonk_destroyed_diamonds, layout_layer_cave, uniq_prince_ribbit1
D:7:      layout_layer_cave
D:8:      nzn_winding_woodlands_large [nzn_winding_woodlands_5x5_closed_star,
          nzn_winding_woodlands_5x15_parted,
          nzn_winding_woodlands_5x5_checkerboard,
          nzn_winding_woodlands_center_lodge,
          nzn_winding_woodlands_15x15_thick_spiral,
          nzn_winding_woodlands_center_diamonds,
          nzn_winding_woodlands_5x5_default,
          nzn_winding_woodlands_5x15_sidewinder,
          nzn_winding_woodlands_5x5_open_star], layout_loops_cross,
          eat_drink_and_be_merry_uskayaw, serial_shops, nicolae_shop_stone,
          shop, nicolae_shop_hallway_plus
D:9:      layout_loops_cross, nicolae_hepliaklqana_hazy_memory,
          david_lair_generic, erik_orc_2, gammafunk_ghost_cemetery, centaur_isle

Skill      XL: |  1  2  3  4  5  6  7  8  9 10 |
---------------+-------------------------------+-----
Invocations    | 1 2 3 4 5 |  5.9
Short Blades   | 1 2 3 5 |  5.4
Long Blades    | 1 2 3 5 |  5.4
Axes           | 1 2 3 5 |  5.4
Maces & Flails | 1 2 3 5 |  5.4
Polearms       | 1 2 3 5 |  5.4
Staves         | 1 2 3 5 |  5.4
Throwing       | 1 2 3 5 |  5.4
Armour         | 1 2 3 5 |  5.4
Shields        | 1 2 3 5 |  5.4
Unarmed Combat | 1 2 3 5 |  5.4
Spellcasting   | 1 2 3 5 |  5.4
Evocations     | 1 2 3 5 |  5.4
Conjurations   | 1 2 3 4 |  4.4
Hexes          | 1 2 3 4 |  4.4
Summonings     | 1 2 3 4 |  4.4
Necromancy     | 1 2 3 4 |  4.4
Translocations | 1 2 3 4 |  4.4
Transmutations | 1 2 3 4 |  4.4
Fire Magic     | 1 2 3 4 |  4.4
Ice Magic      | 1 2 3 4 |  4.4
Air Magic      | 1 2 3 4 |  4.4
Earth Magic    | 1 2 3 4 |  4.4
Poison Magic   | 1 2 3 4 |  4.4
Stealth        | 3 4 5 |  5.9
Fighting       | 5 6 7 |  7.1
Dodging        | 5 6 7 |  7.1
Ranged Weapons | 9 10 | 10.1

Action                   |  1- 3 |  4- 6 |  7- 9 | 10-12 || total
-------------------------+-------+-------+-------+-------++-------
Melee: Dagger            |       |    58 |    49 |     4 ||   111
       Unarmed           |       |    14 |       |       ||    14
       Bite              |       |    14 |    11 |     2 ||    27
       Punch             |       |     2 |     2 |       ||     4
       Short sword       |       |     4 |    35 |       ||    39
 Fire: Shortbow          |    84 |   149 |    85 |       ||   318
       Arbalest          |       |       |    99 |    34 ||   133
Throw: Dart              |       |     3 |    10 |       ||    13
 Cast: Poisonous Vapours |       |       |     6 |    20 ||    26
Evoke: Wand              |       |     1 |    17 |     1 ||    19
  Use: Potion            |       |     6 |       |     1 ||     7
       Scroll            |       |     6 |     9 |     1 ||    16
Armor: Scale mail        |     7 |    52 |    36 |       ||    95
       Robe              |       |       |     2 |    18 ||    20
Dodge: Dodged            |    11 |    78 |    88 |    33 ||   210

Table legend: (Time is in decaauts)
 A = Elapsed time spent in this place.
 B = Non-inter-level travel time spent in this place.
 C = Inter-level travel time spent in this place.
 D = Time resting spent in this place.
 E = Time spent auto-exploring this place.
 F = Levels seen in this place.
 G = Mean time per level.
                   A        B        C        D        E       F      G
               +--------+--------+--------+--------+--------+-----+--------+
         Total |   9828 |   9404 |    424 |   1638 |   6336 |  10 |  982.8 |
       Dungeon |   8962 |   8538 |    424 |   1638 |   5693 |   9 |  995.8 |
         Sewer |    865 |    865 |      0 |      0 |    642 |   1 |  865.0 |
               +--------+--------+--------+--------+--------+-----+--------+

Top non-repeatable levels by time:
     D:6: 1470 daAuts
     D:5: 1402 daAuts
     D:2: 1240 daAuts
     D:7: 1190 daAuts
     D:4: 1084 daAuts
     D:8: 944 daAuts
   Sewer: 865 daAuts
     D:1: 814 daAuts
     D:3: 605 daAuts
     D:9: 209 daAuts
